Cogmind - Beta 16.1 @@@ ROGUE MODE // 2026.01.31 @ 20:32:46 Player: Selene Result: Destroyed by PH-TYG(R) with Subdweller Laser Performance ------------- Evolutions (0) 0 Regions Visited (2) 400 Robots Destroyed (40) 200 Value Destroyed (853) 853 Prototype IDs (20) 400 Alien Tech Used (0) 0 Bonus (0) 0 TOTAL SCORE: 1853 Bonus ------- None Cogmind --------- Core Integrity 0/250 Matter 225/300 Energy 179/180 System Corruption 0% Temperature Cool (6) Movement Rolling (160) Ox5 Location -10/Subcaves Parts ------- > --- POWER (1) -------- Meta Core > --- PROPULSION (2) --- Spiked Treads Subdweller Monowheel > --- UTILITY (2) ------ Huge Storage Unit Blink Core > --- WEAPON (2+1) ----- Subdweller Beam Cannon Subdweller Machine Gun (+) Subdweller Shrapnel Launcher > --- INVENTORY (25) --- Subdweller Power Source Spiked Treads Subdweller Monowheel Flight Unit Seismic Detector Scrap Shield Subdweller Machine Gun Subdweller Machine Gun SUBCON Basin (Full) Peak State ------------ > --- POWER ------------ Meta Core > --- PROPULSION ------- Spiked Treads Subdweller Monowheel > --- UTILITY ---------- Huge Storage Unit Blink Core > --- WEAPON ----------- Subdweller Beam Cannon Subdweller Machine Gun Subdweller Shrapnel Launcher > --- INVENTORY -------- Subdweller Power Source Spiked Treads Subdweller Monowheel Flight Unit Seismic Detector Scrap Shield Subdweller Machine Gun Subdweller Machine Gun SUBCON Basin [Rating: 56] Favorites ----------- Power Meta Core Engine Light Ion Engine Power Core Meta Core Propulsion Light Treads Treads Light Treads Wheel Subdweller Monowheel Hover Unit Backup Propulsion I Utility Seismic Detector Device Seismic Detector Storage Huge Storage Unit Protection Backup Plating I Weapon Assault Rifle Energy Gun Small Laser Energy Cannon Subdweller Beam Cannon Ballistic Gun Assault Rifle Launcher Subdweller Shrapnel Launcher Special Weapon Mining Laser Build | -11 -10 -10 ------- Run | Yrd Mat Sub Slots Evolved . | . . . Power . | . . . Propulsion . | . . . Utility . | . . . Weapon . | . . . Parts Attached 40 | 7 10 23 Power 3 | 1 1 1 Engine 2 | 1 1 . Core 1 | . . 1 Reactor . | . . . Propulsion 8 | 2 . 6 Treads 6 | 2 . 4 Leg . | . . . Wheel 2 | . . 2 Hover . | . . . Flight . | . . . Utility 11 | 2 4 5 Device 6 | 1 3 2 Storage 3 | 1 1 1 Processor . | . . . Hackware . | . . . Protection 2 | . . 2 Artifact . | . . . Weapon 18 | 2 5 11 Energy Gun 3 | 2 . 1 Energy Cannon 4 | . . 4 Ballistic Gun 9 | . 4 5 Ballistic Cannon . | . . . Launcher 1 | . . 1 Special Weapon 1 | . 1 . Impact Weapon . | . . . Slashing Weapon . | . . . Piercing Weapon . | . . . Special Melee Weapon . | . . . Unidentified Prototypes . | . . . Parts Lost 6 | . 1 5 Power . | . . . Propulsion 2 | . . 2 Utility 4 | . 1 3 Weapon . | . . . Highest Loss Streak 2 | . 1 2 To Critical Strikes . | . . . Average Backups 15 | 6 9 18 Power 1 | . 1 1 Propulsion 3 | 2 2 4 Utility 3 | 1 1 4 Weapon 5 | 1 4 6 Tool/Special . | . . . Unused Backups 29 | 1 8 20 Power 5 | . 1 4 Propulsion 10 | 1 4 5 Utility 3 | . . 3 Weapon 10 | . 3 7 Tool/Special 1 | . . 1 Average Slot Usage (%) 93 | . 99 91 Engine 4 | . 13 . Core 6 | . . 9 Treads 26 | . 27 26 Wheel 2 | . . 4 Device 8 | . 8 9 Storage 11 | . 14 10 Protection 6 | . 5 7 Energy Gun 1 | . 3 . Energy Cannon 5 | . . 7 Ballistic Gun 17 | . 24 14 Peak Build Rating 56 | 9 11 56 Average Rating 24 | 7 8 32 On Entrance 6 | 1 9 9 Avg Prop Armor Cover (%) 19 | . . 19 Naked Turns . | . . . Heaviest Build 114 | 14 28 114 Greatest Support 60 | 40 40 60 Greatest Overweight (x) 5 | . . 5 Average Overweight (x) 1 | . . 2 Largest Inventory Capacity 25 | 8 15 25 Average Capacity 19 | 7 9 24 Most Carried 25 | 8 15 25 Average Carried 18 | 6 9 23 Final Capacity 25 | 8 15 25 Final Carried 24 | 8 15 24 Class Distribution -------------------- 93% | Mutant 6% | Gunner Dominant Class ---------------- Mutant | -10/Materials Mutant | -10/Subcaves Resources | -11 -10 -10 ----------- Run | Yrd Mat Sub Matter Collected 886 | 270 266 350 Remotely . | . . . Salvage Created 1122 | 118 418 586 Parts 82 | 14 41 27 Haulers Intercepted . | . . . Recyclers Shooed 1 | 1 . . Parts Field Recycled . | . . . Retrieved Matter . | . . . Parts Self-Destructed 6 | . . 6 Prevented . | . . . Parts Restored . | . . . Kills | -11 -10 -10 ------- Run | Yrd Mat Sub Combat Hostiles Destroyed 29 | . 15 14 Guns 16 | . 15 1 Cannons 10 | . . 10 AOE 2 | . . 2 Classes Destroyed 8 | 1 4 3 Tunneler 6 | 6 . . Recycler 1 | . 1 . Turret 1 | . . 1 Watcher 3 | . 3 . Swarmer 14 | . 12 2 Grunt 3 | . 3 . Sentry 1 | . . 1 Subdweller 11 | . . 11 Best Kill Streak 3 | 2 3 3 Combat Bots Only 3 | . 3 2 Max Kills in Single Turn 2 | 1 2 2 Gunslinging 1 | . 1 . Exploded 2 | . . 2 Melee . | . . . Uniques/NPCs Destroyed . | . . . Combat | -11 -10 -10 -------- Run | Yrd Mat Sub Hostile Shots Fired 154 | . 54 100 Missed 49 | . 16 33 Hits 105 | . 38 67 Projectile 105 | . 38 67 AOE 4 | . . 4 Critical Strikes 2 | . . 2 Damage Taken 1779 | . 319 1460 Core 270 | . 59 211 Absorbed by Shields . | . . . Regen/Repaired (Parts) 93 | . 93 . Core Remaining (%) 100 | 100 . . Volleys Fired 151 | 14 49 88 Largest 2 | 2 2 2 Hottest 100 | 90 100 100 Shots Fired 211 | 28 89 94 Gun 130 | 28 85 17 Cannon 70 | . . 70 Launcher 2 | . . 2 Special 9 | . 4 5 Kinetic 69 | . 51 18 Thermal 142 | 28 38 76 Explosive . | . . . Electromagnetic . | . . . Robot Hit Streak 27 | 3 7 27 Robot Miss Streak 5 | 3 5 3 Penetration Max . | . . . Secondary Targets 2 | . 2 . Max Gunslinging Chain 1 | . 1 . Shots Hit Robots 116 | 14 46 56 Core Hits 50 | 6 26 18 Critical Kills 1 | . . 1 Critical Parts Destroyed . | . . . Critical Strikes 4 | 2 1 1 Burn 3 | 2 1 . Meltdown 1 | . . 1 Melee Attacks . | . . . Impact . | . . . Slashing . | . . . Piercing . | . . . Sneak Attacks . | . . . Combat Hostiles . | . . . Follow-up Attacks . | . . . Damage Inflicted 2174 | 162 573 1439 Guns 898 | 162 567 169 Cannons 1121 | . . 1121 Explosions 149 | . . 149 Melee . | . . . Ramming 6 | . 6 . Kinetic 679 | . 361 318 Thermal 1489 | 162 206 1121 Explosive . | . . . Electromagnetic . | . . . Impact . | . . . Slashing . | . . . Piercing . | . . . Highest Corruption . | . . . Average Corruption . | . . . Corruption Purged . | . . . Corruption Blocked . | . . . Overload Shots . | . . . Overflow Damage 17 | . . 17 Projectiles 2 | . . 2 Explosions 15 | . . 15 Melee . | . . . Knockbacks . | . . . Impact . | . . . Kinetic . | . . . Secondary . | . . . Self-Inflicted Damage 57 | . . 57 Shots 1 | . . 1 Rammed 2 | . 2 . Targets Rammed 2 | . 2 . Kicked . | . . . Crushed . | . . . Highest Temperature 313 | 180 102 313 Average Temperature 42 | 54 43 36 Received Heat Transfer 598 | . 36 562 Siege Activations . | . . . Martial Activations . | . . . Shielding Activations . | . . . Robots Disrupted . | . . . Combat Hostiles . | . . . Robots Corrupted . | . . . Combat Hostiles . | . . . Parts Fried . | . . . Impact Corruptions . | . . . Robots Melted 1 | . . 1 Combat Hostiles 1 | . . 1 Parts Melted 3 | 1 . 2 Heat Transferred 2731 | 594 620 1517 Parts Sabotaged . | . . . Parts Stolen . | . . . Parts Stripped . | . . . Power Chain Reactions . | . . . Alert | -11 -10 -10 ------- Run | Yrd Mat Sub Maximum Alert Level . | . . . Low Security (%) 100 | 100 100 . Level 1 . | . . . Level 2 . | . . . Level 3 . | . . . Level 4 . | . . . Level 5 . | . . . High Security . | . . . Max Security . | . . . Peak Influence 149 | 5 149 . Initial . | . . . Average 47 | 1 53 . Influence Increases 645 | 30 505 110 Destroy 0b10 Robot/C 380 | . 300 80 Destroy 0b10 Robot/NC 50 | 30 20 . Destroy Leader 56 | . 56 . Successful Hack 65 | . 65 . Destroy Structure 4 | . 4 . Lose Combat Pursuer 90 | . 60 30 Influence Decreases 566 | 30 446 90 Entered New Map 29 | . . 29 Time Decay 517 | 30 436 51 Lost Part 20 | . 10 10 Squads Dispatched 1 | . 1 . Investigation 1 | . 1 . Extermination . | . . . Reinforcement . | . . . Assault . | . . . Garrison . | . . . Intercept . | . . . Searches Triggered . | . . . Construction Impeded . | . . . Haulers Reinforced . | . . . Active Scanning Responses . | . . . Cargo Convoy Interrupts . | . . . Stealth | -11 -10 -10 --------- Run | Yrd Mat Sub Distress Signals . | . . . Communications Jammed . | . . . Distress Signals . | . . . Times Spotted 45 | . 22 23 Peak Tracking Total 6 | . 4 6 Tactical Retreats 3 | . 2 1 Traps | -11 -10 -10 ------- Run | Yrd Mat Sub Traps Triggered 4 | . 3 1 Indirectly . | . . . Trap Hack Attempts . | . . . Triggered . | . . . Disarmed . | . . . Reprogrammed . | . . . Reused . | . . . Traps Extracted . | . . . Installed . | . . . Triggered . | . . . Machines | -11 -10 -10 ---------- Run | Yrd Mat Sub Machines Disabled 3 | . . 3 Max in Single Turn 2 | . . 2 Machines Repaired . | . . . Machines Dismantled . | . . . Machines Sabotaged . | . . . Overloaded Fab Kills . | . . . Hacking | -11 -10 -10 --------- Run | Yrd Mat Sub Machines Accessed 14 | . 10 4 Terminals 7 | . 7 . Fabricators . | . . . Repair Stations 1 | . 1 . Recycling Units 2 | . 2 . Scanalyzers . | . . . Garrison Access . | . . . Total Hacks 66 | . 51 15 Successful 46 | . 31 15 Failed 19 | . 19 . Catastrophic 3 | . 3 . Database Lockouts 1 | . 1 . Manual 29 | . 29 . Terminals 39 | . 39 . Fabricators . | . . . Repair Stations 5 | . 5 . Recycling Units 7 | . 7 . Scanalyzers . | . . . Garrison Access . | . . . Terminal Hacks 31 | . 16 15 Record 14 | . 2 12 Part Schematic 1 | . 1 . Robot Analysis 1 | . 1 . Prototype ID Bank 6 | . 6 . Open Door 1 | . . 1 Terminal Index 1 | . 1 . Locate Traps 1 | . 1 . Hauler Manifests 1 | . 1 . Registered Components 1 | . 1 . Zone Layout 2 | . 2 . Proto ID Catalog 1 | . . 1 Release Object 1 | . . 1 Fabricator Hacks . | . . . Repair Station Hacks 3 | . 3 . Scan Component 1 | . 1 . Repair 1 | . 1 . Refit 1 | . 1 . Recycling Unit Hacks 2 | . 2 . Retrieve Components 2 | . 2 . Scanalyzer . | . . . Garrison Access Hacks . | . . . Unauthorized Hacks 10 | . 10 . Terminals 8 | . 8 . Botnet 2 | . 2 . Operators 1 | . 1 . Skim 5 | . 5 . Fabricators . | . . . Repair Stations . | . . . Recycling Units 2 | . 2 . Reject 2 | . 2 . Scanalyzers . | . . . Garrison Access . | . . . Data Cores Recovered . | . . . Used . | . . . Hacking Detections 8 | . 8 . Full Trace Events . | . . . Feedback Events . | . . . Feedback Blocked . | . . . Robot Schematics Acquired . | . . . Robots Built . | . . . Authchips . | . . . Time . | . . . Total Robot Build Rating . | . . . Part Schematics Acquired 1 | . 1 . Parts Built . | . . . Authchips . | . . . Time . | . . . Total Part Build Rating . | . . . Part Studies Acquired . | . . . Parts Repaired 1 | . 1 . Time 26 | . 26 . Parts Recycled . | . . . Recycled Matter . | . . . Retrieved Matter . | . . . Retrieved Components 9 | . 9 . Parts Scanalyzed . | . . . Part Schematics Acquired . | . . . Parts Damaged . | . . . Bothacking | -11 -10 -10 ------------ Run | Yrd Mat Sub Used RIF Installer . | . . . Robots Hacked . | . . . Non-combat . | . . . Combat . | . . . Robot Hacks Applied . | . . . Relay Couplers Released . | . . . Fabnet Peak Effective % . | . . . Robots Rewired . | . . . Allies Hacked . | . . . Hacks Repelled . | . . . Allies | -11 -10 -10 -------- Run | Yrd Mat Sub Total Allies . | . . . Largest Group . | . . . Highest-Rated Group . | . . . Highest-Rated Ally . | . . . Total Orders . | . . . Ally Attacks . | . . . Total Damage . | . . . Kills . | . . . Allies Corrupted . | . . . Allies Melted . | . . . Intel | -11 -10 -10 ------- Run | Yrd Mat Sub Active Infowar (turns) 4697 | 13 994 3690 Terrain 16 | . 16 . Seismic 4681 | 13 978 3690 Robot Analysis Total 1 | . 1 . Derelict Logs Recovered 1 | . . 1 Drone Launches . | . . . Drone Recoveries . | . . . Exploration | -11 -10 -10 ------------- Run | Yrd Mat Sub Turns Passed 6565 | 251 1964 4350 Spaces Moved 2765 | 120 1074 1571 Core 1 | 1 . . Treads 1972 | 119 1074 779 Legs . | . . . Wheels 792 | . . 792 Hover . | . . . Flight . | . . . Fastest Speed 50 | 50 160 150 Average Speed 175 | 159 160 188 Slowest Speed 253 | 160 160 253 Overloaded Moves . | . . . Propulsion Burnouts . | . . . Robots Hopped . | . . . Potential Cave-ins . | . . . Cave-ins Triggered . | . . . Exploration Rate (%) 64 | 5 97 90 Regions Visited 2 Branch Regions 1 Pre-discovered Areas 3 | . 2 1 Known Exits Taken . | . . . Unknown Exits Taken 2 | 1 1 . Scrap Searched 7 | . . 7 Spaces Dug 28 | . 1 27 Terrain Destroyed 47 | . 3 44 Melee . | . . . Projectile 14 | . 3 11 AOE 33 | . . 33 Terrain Rammed . | . . . Walls Destroyed . | . . . Machines Disabled . | . . . Actions | -11 -10 -10 --------- Run | Yrd Mat Sub Total 4243 | 149 1227 2867 Wait 1157 | . 50 1107 Move 2763 | 119 1073 1571 Hop . | . . . Pick Up 62 | 8 19 35 Fast Attach 14 | 7 7 . Attach 6 | . . 6 Detach 1 | . 1 . Swap 35 | . 10 25 Drop 52 | 1 16 35 Fire 151 | 14 49 88 Melee . | . . . Ram . | . . . Kick . | . . . Crush 2 | . 2 . Escape Stasis . | . . . Rewire . | . . . Trap . | . . . Miscellaneous . | . . . Route ------- -11/Scrapyard -10/Materials (discovered 6 exits: [*Mat x3] / [*Min x2] / *Sub) -10/Subcaves (discovered 3 exits: *Mat x2 / [*Rec]) History --------- Turn | Location | Event 2 | -11/Scrapyard | Met Revision 17 36 | -11/Scrapyard | Discovered new exit (range 15) 252 | -11/Scrapyard | Entered Materials 335 | -10/Materials | Build established: Mutant 427 | -10/Materials | Discovered new exit (range 13) 579 | -10/Materials | Discovered new exit (range 8) 790 | -10/Materials | Discovered new exit (range 15) 1153 | -10/Materials | Learned 4 Recycling zone layouts 1157 | -10/Materials | Discovered new exit (range 15) 1189 | -10/Materials | Central database locked down 1208 | -10/Materials | Learned Storage security intel 1222 | -10/Materials | Learned location of Mines (-10) 1225 | -10/Materials | Learned location of 2 exits from Mines 1226 | -10/Materials | Learned Storage garrison access intel 1230 | -10/Materials | Learned location of Mines (-9) 1243 | -10/Materials | Learned location of 2 exits from Subcaves 1330 | -10/Materials | Discovered new exit (range 7) 1371 | -10/Materials | Discovered new exit (range 11) 1435 | -10/Materials | Repaired Lgt. Treads 2216 | -10/Materials | Entered Subcaves 2217 | -10/Subcaves | Identified exit to Materials 2245 | -10/Subcaves | Shifting Twisted Machinery released Riot Gun 2304 | -10/Subcaves | A swath of the cavern ceiling suddenly collapsed 2360 | -10/Subcaves | A swath of the cavern ceiling suddenly collapsed 2492 | -10/Subcaves | Visited 4L-MR0's lab 2509 | -10/Subcaves | Found Meta Core 2511 | -10/Subcaves | Attached Meta Core, gained temporary slots: Propulsion, Utility, Weapon 2517 | -10/Subcaves | Found Prototype Special Melee Weapon 2850 | -10/Subcaves | Shifting Twisted Machinery released Battle Rifle 2853 | -10/Subcaves | Shifting Twisted Machinery released Sub. Power Source 4032 | -10/Subcaves | Visited Clippyterm 4040 | -10/Subcaves | Learned Factory trap positions 5239 | -10/Subcaves | Shifting Twisted Machinery released Scrap Shield 5260 | -10/Subcaves | Core integrity fell below 50% 5574 | -10/Subcaves | Shifting Twisted Machinery released Flamer 5875 | -10/Subcaves | Disturbed a concealed Subdweller 6326 | -10/Subcaves | Found SUBCON Basin 6379 | -10/Subcaves | Learned Materials terminal intel 6434 | -10/Subcaves | Learned location of Zion (-6) 6434 | -10/Subcaves | Met a Zionite searching for "candidates" 6442 | -10/Subcaves | Build established: Gunner 6552 | -10/Subcaves | Discovered new exit (range 12) 6555 | -10/Subcaves | Ambushed by Subdweller buried in earth 6555 | -10/Subcaves | Ambushed by Subdweller buried in earth 6559 | -10/Subcaves | Core integrity fell below 20% 6559 | -10/Subcaves | Found Blink Core 6566 | -10/Subcaves | Destroyed by PH-TYG(R) with Subdweller Laser Last Messages --------------- 06379_ Acquired derelict log, extracted data. Data stored: Materials terminal intel. 06434_ B6-23G(z): "Hey you! It's really dangerous down here, I feel that you could die at any moment. For your health and safety might I suggest a trip to Zion?" World map updated: -6/Zion. 06552_ EXIT=FOUND 06555_ Lgt. Treads destroyed. 06555_ Destroyed Lgt. Treads. 06555_ S-10 Pest destroyed. 06556_ N9-I1X(R): "ARGHSUB!" 06556_ PH-TYG(R): "ARGHSUB!" 06557_ Temporary Propulsion slot lost. 06557_ Machine disabled. 06557_ Autobeam Turret destroyed. 06558_ Lgt. Armor Plating destroyed. 06560_ Flight Unit fries itself beyond repair. 06561_ Acquired 7 matter. 06562_ S-10 Pest destroyed. Map ----- +----------------------------------------------------+ | #?????????## #????????????????????# # | | #?????????## #????????????????????# | | #?#####??## #####????????????????????### # | | ### #### ##??????????????????????????### | | ## # ######????????????????????????????## | | ##??????????????????????????????#### | | ### ##???????????????????????????????# | | ##?# # ####????????????????????????????????# | | #??# ###???????????????????????????????###?# | | ???# ##???????????????????????????????# ## | | ???## ##??????????????????????????????# | | ????# #??????????????????????????????## | | ????# #???????????????????????????????# | | ##### #???###?????????????????????????# | | ##??# ##????????????????????????# | | ##### #????????????????????????# | | # ##????????????????????????# | | ##?#######???????????????# | | ## ### ;;##??????????????## | | ### #### #???????????????## | | ### ## R #????????????????### | | #?## "";R ##?????????????????#### | | ##??##### ;[ ;#????????????????????# | | #### #???????####% ;#????????????????????? | | ##??## ##???????#### %;###??????????????????# | | ##????######????????#" @s "#?????????????????## | | #???????????????????# #????????????????## | | ##??????????????????# #????????????????# | | #??????????????????# t #????????????????# | | #??????????????????# % #????????????????### | | #??????????????????#" #??????????????????? | | #??########????????###;;<;;###??????????????????? | | #?## #??????????# ;;; #????????????????????? | | #?# #??????????# #????????????????????? | | ### ###????????#######????????????????????? | | ## #???????????????????????????????????? | | ##??????????????????????????????????? | | ##?????????????????????????????????? | | ## ##????????????????????????????????? | | #### ##???????????????????????????????? | | ?### ##??????????????????????????????? | | ?# #??????????????????????????????? | | ?## ###??????????????????????????????? | | ??### ####????????????????????????????????? | | ###?#### #??###??????????????????????????????? | | ####?# ###?? #??????????????????????????????? | | ### ##?? #??????????????????????????????? | | ### #???????????????????????????????? | | # #???????????????????????????????? | | ## #???????????????????????????????? | +----------------------------------------------------+ Best States ------------- Heat Dissipation 35 Energy Generation 17 Energy Capacity 250 Matter Stores 300 Matter Capacity 300 Sight Range 16 Terrain Scan Range 16 Terrain Scan Density 10 Armor Coverage 150 Evasion (%) 40 Recoil Reduction 3 Item Schematics ----------------- Hcp. Storage Unit | -10/Materials | Hacked Robot Schematics ------------------ None Fabricated ------------ Nothing Repaired ---------- Lgt. Treads | 33% | -10/Materials Studied --------- None Alien Tech Used ----------------- None Achievements -------------- Mistaken Identity Challenges ------------ None Game ------ Seed FieldthrustBehemothChainsaw Manual? 0 Play Time 00:39:37 Cumulative 308.1 hours Start 2026.01.31 @ 19:54:09 End 2026.01.31 @ 20:32:46 Sessions 1 Manual Loads 0 Difficulty Rogue Special Mode None Game No. 178 Rogue 174 Adventurer 4 Explorer 0 Win Type - Total 10 Types 8/0/2/0/0/0/0/0/0/0 Lore% 87 Gallery% 76 Achievement% 57 Wizard Run 0 Options --------- Layout 1 ASCII 0 Keyboard 1 Movement Numpad Keybinds 1 Fullscreen 1 Font 24/Smallcaps Map View 50x35 Zoom Use 0% Tactical HUD 1 Map Filters NONE Filters NONE Steam 1 RUN: 38ee9742-a95c-4228-8569-c25d1c995b59